Map: Royal Blood LE

Players

NinjaNoob - Winner!

  • Race: Zerg Zerg
  • League: Diamond
  • Spawn Location: 7:00

BoneSaw

  • Race: Protoss Protoss
  • League: Diamond
  • Spawn Location: 1:00

VOD

Have the link to the VOD?

Description

Time

  • Played on: July 5, 2023, 9:50 p.m.
  • Length: 4:15
Show
View Real Time Build Order
Export as new Build Order

NinjaNoob Zerg - Winner!

Build Orders: Hatch First 

Get SALT Encoding   

  12  0:01  Drone  
  13  0:12  Overlord  
  13  0:17  Drone  
  14  0:31  Drone x2  
  16  0:36  Drone  
  17  0:54  Drone  
  17  0:55  Hatchery  
  17  1:04  Drone  
  17  1:08  Extractor, Drone  
  18  1:20  Spawning Pool  
  18  1:21  Drone  
  18  1:28  Drone  
  19  1:40  Drone  
  20  1:50  Overlord  
  20  2:07  Queen, Roach Warren  
  20  2:08  Queen  
  23  2:10  Drone x2  
  23  2:14  Overlord  
  25  2:26  Drone  
  25  2:27  Overlord  
  26  2:49  Roach x4  
  34  2:55  Roach x2  
  38  3:01  Overlord  
  38  3:07  Zergling x2  
  38  3:12  Zergling x2  
  40  3:17  Roach  
  40  3:18  Roach x2  
  46  3:20  Roach x2  
  46  3:22  Zergling x2  
  51  3:34  Zergling x4  
  53  3:43  Zergling x4  
  53  3:47  Roach x2  
  59  3:49  Overlord  
Show
View Real Time Build Order
Export as new Build Order

BoneSaw Protoss 

Build Orders: 1 Gate Expand 

Get SALT Encoding   

  12  0:02  Probe  
  13  0:15  Pylon  
  13  0:18  Probe  
  14  0:31  Probe  
  15  0:42  Gateway  
  15  0:48  Probe  
  16  0:50  Assimilator  
  16  1:01  Probe  
  17  1:20  Probe  
  18  1:31  Cybernetics Core  
  18  1:38  Nexus  
  18  1:45  Assimilator  
  18  1:48  Probe  
  19  1:58  Pylon  
  19  2:04  Stalker (Chrono Boost)  
  21  2:12  Probe  
  22  2:32  Robotics Facility, Warp Gate (Chrono Boost), Probe  
  23  2:44  Probe  
  23  2:50  Probe  
  25  2:56  Twilight Council  
  25  2:59  Gateway  
  25  3:03  Probe  
  26  3:06  Probe  
  27  3:15  Probe  
  27  3:18  Probe  
  29  3:26  Immortal (Chrono Boost)  
  29  3:33  Probe  
  34  3:35  Probe  
  35  3:47  Probe  
  36  3:50  Shield Battery  
  36  3:55  Probe  
  37  3:59  Probe  
Tags
 
Add a new tag
Caveats
  • Supply blocks, unpowered buildings, or Contaminate may cause inaccurate times.
  • Supply counts are checked every 10 seconds.